 Dungeon Crawl Stone Soup version 0.30-a0-956-gcec3b41aec (webtiles) character file.

Game seed: 8960496109999367747

6 jasper the Digger (level 1, 0/10 HPs)
             Began as a Gargoyle Earth Elementalist on Mar 29, 2023.
             Slain by a hobgoblin (3 damage)
             ... on level 1 of the Dungeon.
             The game lasted 00:00:23 (113 turns).

jasper the Digger (Gargoyle Earth Elementalist)      Turns: 113, Time: 00:00:23

Health: 0/10       AC:  4    Str: 11    XL:     1   Next: 90%
Magic:  1/3        EV: 11    Int: 15    God:
Gold:   10         SH:  0    Dex: 10    Spells: 3/4 levels left

rFire   . . .      SeeInvis .    c - +0 rapier
rCold   . . .      Faith    .    (no shield)
rNeg    + . .      Spirit   .    a - +0 robe
rPois   ∞          Reflect  .    (no helmet)
rElec   +          Rampage  .    (no cloak)
rCorr   .                        (no gloves)
Will    .....                    (no boots)
Stlth   ++                       (no amulet)
HPRegen 0.21/turn                (no ring)
MPRegen 0.08/turn                (no ring)

@: no status effects
A: sickness immunity, AC +2, negative energy resistance 1, electricity
resistance, torment resistance 1, petrification resistance
a: no special abilities


You were on level 1 of the Dungeon.
You visited 1 branch of the dungeon, and saw 1 of its levels.

You collected 10 gold pieces.

Inventory:

Hand Weapons
 c - a +0 rapier (weapon)
Armour
 a - a +0 robe (worn)
Scrolls
 d - a scroll of vulnerability {unknown}
Potions
 b - a potion of magic


   Skills:
 - Level 1.5 Dodging
 - Level 2.1 Stealth
 + Level 2.2 Spellcasting
 - Level 0.7 Transmutations
 + Level 3.9 Earth Magic


You had 3 spell levels left.
You knew the following spells:

 Your Spells              Type           Power      Damage    Failure   Level
a - Sandblast             Erth           26%        2d8       4%          1

Your spell library contained the following spells:

 Spells                   Type           Power      Damage    Failure   Level
 Passwall                 Tmut/Erth      6%         N/A       13%         2
 Stone Arrow              Conj/Erth      14%        3d7       28%         3
 Petrify                  Tmut/Erth      8%         N/A       63%         4


Dungeon Overview and Level Annotations

Branches:
Dungeon (1/15)

Altars:


Innate Abilities, Weirdness & Mutations

You are immune to sickness and miasma.
Your stone body is resilient. (AC +2)
You are immune to poison.
You resist negative energy. (rN+)
You are resistant to electric shocks. (rElec)
You are resistant to unholy torment.
You are immune to petrification.


Message History

Aim: a jackal (77% to hit)
The blast of sand misses the jackal.
The hobgoblin shouts!
You now have 2/3 mp.
Aiming: Sandblast (safe; 4% risk of failure)
Press: ? - help, Q - select action Shift-Dir - straight line, f/p - jackal
Aim: a jackal (77% to hit)
The blast of sand hits the jackal!
You kill the jackal!
You now have 1/3 mp.
Aiming: Sandblast (safe; 4% risk of failure)
Press: ? - help, Q - select action Shift-Dir - straight line, f - jackal
Aim: a jackal (77% to hit)
The blast of sand hits the jackal.
The jackal is almost dead.
A jackal comes into view.
The jackal barely misses you.
You now have 0/3 mp.
You hit the jackal.
You kill the jackal!
A jackal comes into view.
You hit the hobgoblin but do no damage. The hobgoblin closely misses you.
The jackal barely misses you.
You closely miss the hobgoblin. Your punch misses the hobgoblin.
The jackal bites you. The hobgoblin barely misses you.
You take 1 damage, and have 9/10 hp.
You closely miss the hobgoblin. The jackal barely misses you.
The hobgoblin misses you. The jackal barely misses you. x2
Health restored: 10 You hit the hobgoblin but do no damage.
The hobgoblin hits you.
The jackal bites you but does no damage. x2
The hobgoblin hits you.
You take 5 damage, and have 5/10 hp.
MASSIVE DAMAGE!!
You closely miss the hobgoblin. The jackal barely misses you. x2
The jackal bites you.
* * * LOW HITPOINT WARNING * * *
The jackal misses you. The hobgoblin closely misses you.
You take 2 damage, and have 3/10 hp.
The hobgoblin hits you.
You die...

#..............
#.........#..............
#.........#....#######...
#.........#..............
#.........# #............
#.........# #......†.....
#.........# #............
.......g..###............
#..†h@................
#...h......########...
#..........# ...
#..........########...
+.....................
#....................
...#+######.......†...
##.# #........... #.
#...........


You could see 2 jackals and a hobgoblin.

Vanquished Creatures
  A hobgoblin (D:1)
  2 jackals (D:1)
  A frilled lizard (D:1)
  2 rats (D:1)
6 creatures vanquished.

Notes
Turn   | Place    | Note
-------+----------+-------------------------------------------
     0 | D:1      | jasper the Gargoyle Earth Elementalist began the quest for
                  | the Orb.
     0 | D:1      | Reached XP level 1. HP: 10/10 MP: 3/3
   113 | D:1      | Slain by a hobgoblin

Illustrated notes

Levels and vault maps discovered:
D:1:      ebering_trefoil_twist, layout_basic, minmay_tripent

Action                     || total
---------------------------++-------
  Melee: Rapier            ||     6
   Cast: Sandblast         ||     7
 Armour: Robe              ||     2
  Dodge: Dodged            ||    12

Table legend: (Time is in decaauts)
 A = Elapsed time spent in this place.
 B = Non-inter-level travel time spent in this place.
 C = Inter-level travel time spent in this place.
 D = Time resting spent in this place.
 E = Time spent auto-exploring this place.
 F = Levels seen in this place.
 G = Mean time per level.
                   A        B        C        D        E       F      G
               +--------+--------+--------+--------+--------+-----+--------+
         Total |    117 |    117 |      0 |      0 |     71 |   1 |  117.0 |
       Dungeon |    117 |    117 |      0 |      0 |     71 |   1 |  117.0 |
               +--------+--------+--------+--------+--------+-----+--------+

Top non-repeatable levels by time:
     D:1: 117 daAuts
